 Dungeon Crawl Stone Soup version bcrawl-1.19.2-6-g6a88ae04c9 (webtiles) character file.

Game seed: 6247262649863713986

1313 Mrkan the Cudgeler (level 8, -1/70 HPs)
             Began as a Yellow Draconian Fighter on Jan 7, 2020.
             Was a Believer of Lugonu.
             Slain by an ice beast (13 damage)
             ... on level 5 of the Dungeon.
             The game lasted 00:09:07 (5507 turns).

Mrkan the Cudgeler (Yellow Draconian Fighter)       Turns: 5507, Time: 00:09:08

Health: -1/70      AC:  8    Str: 20    XL:     8   Next: 32%
Magic:  10/10      EV: 12    Int:  8    God:    Lugonu [**....]
Gold:   287        SH: 10    Dex: 12    Spells: 7/7 levels left

rFire    . . .     SeeInvis .   a - +0 flail
rCold    . . .     Gourm    .   b - +0 shield
rNeg     . . .     Faith    .   (armour unavailable)
rPois    .         Spirit   .   (helmet restricted)
rElec    .         Reflect  .   c - +0 cloak
rCorr    +         Harm     .   q - +0 pair of gloves
MR       .....                  (no boots)
Stlth    +.........             (no amulet)
HPRegen  0.21/turn              (no ring)
MPRegen  0.12/turn              (no ring)

@: slowed, studying Long Blades, very slow
A: spit acid, acid resistance, unfitting armour, cold-blooded, AC +6
a: Breathe Acid, Depart the Abyss, Bend Space, Banish, Renounce Religion


You were on level 5 of the Dungeon.
You worshipped Lugonu.
Lugonu was pleased with you.
You were not hungry.

You visited 1 branch of the dungeon, and saw 5 of its levels.

You collected 287 gold pieces.

Inventory:

Hand Weapons
 a - a +0 flail (weapon)
Armour
 b - a +0 shield (worn)
 c - a +0 cloak (worn)
 q - a +0 pair of gloves (worn)
Jewellery
 i - an uncursed ring of fire {unknown}
 l - an uncursed ring of protection from fire {unknown}
 p - an uncursed amulet of the gourmand {unknown}
Wands
 w - a wand of flame (6)
Scrolls
 f - 2 scrolls of identify {unknown}
 g - a scroll of enchant armour {unknown}
 h - a scroll of teleportation {unknown}
 k - 2 scrolls of remove curse {unknown}
 m - a scroll of magic mapping {unknown}
 o - a scroll of enchant weapon {unknown}
 r - a scroll of immolation {unknown}
 t - a scroll of noise {unknown}
 v - a scroll of amnesia {unknown}
 y - a scroll of fear {unknown}
Potions
 e - a potion of resistance
 n - a potion of haste {unknown}
 s - 2 potions of flight {unknown}
 u - 2 potions of heal wounds {unknown}
 z - a potion of curing {unknown}
Books
 x - a manual of Long Blades
Comestibles
 d - 8 rations {!d}


   Skills:
 + Level 5.7 Fighting
 * Level 6.3 Maces & Flails
 + Level 4.7 Dodging
 + Level 5.1 Shields
 + Level 3.4 Invocations


You had 7 spell levels left.
You didn't know any spells.
Your spell library contained the following spells:

 Spells                   Type           Power        Failure   Level  Hunger
 Confuse                  Hex            #.......     99%         3    ####...
 Dazzling Spray           Conj/Hex       #.....       99%         3    ####...
 Petrify                  Tmut/Erth      #.......     100%        4    #####..
 Yara's Violent Unravell  Hex/Tmut       #.........   100%        4    #####..
 Metabolic Englaciation   Hex/Ice        #.........   100%        5    ######.
 Mana Rupture             Conj/Hex       #.........   100%        7    #######


Dungeon Overview and Level Annotations

Branches:
Dungeon (5/12)
 Temple: D:4-7

Altars:
Cheibriados
Fedhas
Lugonu
Uskayaw
Zin
Beogh

Shops:
D:5 =

Annotations:
D:3 3 runed translucent doors, Quickbrownfox's ghost, amateur GnTm


Innate Abilities, Weirdness & Mutations

You can spit globs of acid.
You are resistant to acid.
Your golden yellow scales are hard. (AC +6)
You cannot fit into any form of body armour.
You are cold-blooded and may be slowed by cold attacks.


Message History

You feel as though you will be slow longer.
* * * LOW HITPOINT WARNING * * *
The orc hits you with a +0 hand axe.
* * * LOW HITPOINT WARNING * * *
You closely miss the ice beast.
The ice beast is severely wounded.
You block the ice beast's attack. The orc hits you with a +0 hand axe.
* * * LOW HITPOINT WARNING * * *
The ice beast barely misses you. The orc barely misses you.
You hit the ice beast but do no damage.
The ice beast is severely wounded.
The ice beast hits you but does no damage.
You block the orc's attack. The ice beast barely misses you.
You hit the ice beast.
Your tail-slap misses the ice beast.
The ice beast is severely wounded.
You block the orc's attack. You block the ice beast's attack.
The orc barely misses you. The ice beast hits you.
* * * LOW HITPOINT WARNING * * *
The ice beast freezes you!
You die...

.# #.# #.#
.# #.# .#
#.## #.#
#..## ..##
#Y.##...####
#.@.....$..^
##)o........
#.......#
##....###
#)...# ###
#...^####...
#.∩........
#..(.....#
##..)...##


You could see an ice beast and an orc.

Vanquished Creatures
  A centaur skeleton (D:4)
  Menkaure (D:4)
  A phantom (D:4)
  A centaur (D:4)
  Blork the orc (D:4)
  3 crimson imps (D:4)
  Crazy Yiuf (D:2)
  A hound (D:4)
  An orc priest (D:5)
  A centaur zombie (D:5)
  6 orc wizards
  Natasha (thrice) (D:3)
  9 gnolls
  2 adders
  2 oozes
  An adder skeleton (D:4)
  2 worms (D:2)
  3 dart slugs (D:2)
  4 leopard geckos
  6 orcs
  3 giant cockroaches (D:2)
  5 goblins
  9 hobgoblins
  6 jackals
  5 quokkas
  4 ball pythons
  3 bats (D:1)
  3 frilled lizards
  A jackal skeleton (D:5)
  10 kobolds
  A quokka skeleton (D:4)
  5 rats
  A plant (D:4)
106 creatures vanquished.

Notes
Turn   | Place    | Note
-------+----------+-------------------------------------------
     0 | D:1      | Mrkan the Draconian Fighter began the quest for the Orb.
     0 | D:1      | Reached XP level 1. HP: 19/19 MP: 1/1
   179 | D:1      | Reached XP level 2. HP: 24/26 MP: 2/2
  1158 | D:2      | Reached XP level 3. HP: 27/31 MP: 3/3
  1416 | D:2      | Reached skill level 3 in Maces & Flails
  1740 | D:2      | Found a runed door.
  1744 | D:2      | Noticed Crazy Yiuf
  1752 | D:2      | Killed Crazy Yiuf
  1752 | D:2      | Reached XP level 4. HP: 28/40 MP: 4/4
  2007 | D:3      | Noticed Natasha
  2018 | D:3      | Killed Natasha
  2341 | D:3      | Found a runed translucent gate.
  2341 | D:3      | Found a runed translucent gate.
  2341 | D:3      | Found a runed translucent gate.
  2360 | D:3      | Identified the +6 mace of Zehugg {drain, rC+}
  2361 | D:3      | Noticed Quickbrownfox's ghost (amateur GnTm)
  2448 | D:3      | Found a corrupted altar of Lugonu.
  2449 | D:3      | Found a blossoming altar of Fedhas.
  2450 | D:3      | Found a snail-covered altar of Cheibriados.
  2450 | D:3      | Found a glowing silver altar of Zin.
  2457 | D:3      | Reached XP level 5. HP: 38/46 MP: 5/5
  2463 | D:3      | Became a worshipper of Lugonu the Unformed
  2495 | D:3      | Noticed Natasha
  2503 | D:3      | Killed Natasha
  2509 | D:3      | Noticed Natasha
  2513 | D:3      | Killed Natasha
  2649 | D:3      | Reached skill level 4 in Maces & Flails
  3076 | D:3      | Found a roughly hewn altar of Beogh.
  3206 | D:4      | Reached XP level 6. HP: 46/53 MP: 6/6
  3239 | D:4      | Noticed Menkaure
  3248 | D:4      | Killed Menkaure
  3248 | D:4      | Reached skill level 1 in Invocations
  3334 | D:4      | HP: 2/53 [phantom (10)]
  3767 | D:4      | Your scales start taking on a golden yellow colour.
  3767 | D:4      | Reached XP level 7. HP: 53/60 MP: 8/8
  3771 | D:4      | Reached skill level 5 in Maces & Flails
  3834 | D:4      | Reached skill level 5 in Fighting
  3924 | D:4      | Reached ** piety under Lugonu
  4357 | D:4      | Noticed Blork the orc
  4368 | D:4      | Killed Blork the orc
  4454 | D:4      | Found a hide-covered altar of Uskayaw.
  4454 | D:4      | Noticed a +0 hand axe
  4454 | D:4      | Noticed a +0 dagger
  4616 | D:4      | Reached skill level 6 in Maces & Flails
  4616 | D:4      | Reached skill level 5 in Shields
  4616 | D:4      | Reached XP level 8. HP: 46/69 MP: 8/10
  4866 | D:5      | Entered Level 5 of the Dungeon
  5470 | D:5      | Found Lenk's Jewellery Shoppe.
  5507 | D:5      | Slain by an ice beast

Skill      XL: |  1  2  3  4  5  6  7 |
---------------+----------------------+-----
Dodging        | 3 4 |  4.7
Maces & Flails | 3 4 6 |  6.3
Fighting       | 4 5 |  5.7
Shields        | 4 5 |  5.1
Invocations    | 1 3 |  3.4

Action                   |  1- 3 |  4- 6 |  7- 9 || total
-------------------------+-------+-------+-------++-------
Melee: Flail             |   123 |   164 |   169 ||   456
       Tailslap          |    10 |    19 |    37 ||    66
 Abil: Breathe Acid      |       |       |     4 ||     4
  Use: Potion            |     1 |     4 |       ||     5
 Stab: Sleeping          |     1 |       |       ||     1
       Distracted        |       |     1 |       ||     1
  Eat: Chunk             |     3 |     6 |     5 ||    14
       Ration            |       |       |     1 ||     1
Armor: Skin              |    39 |    42 |    65 ||   146
Dodge: Dodged            |    63 |    93 |    74 ||   230
Block: Shield            |    72 |    76 |    67 ||   215
